 Seeded DCSS version 0.30.1-11-g7821555f0a (webtiles) character file.

Game seed: 5 (custom seed)

221 Kazon the Cudgeller (level 5, -2/41 HPs)
             Began as a Demonspawn Gladiator on Dec 20, 2023.
             Was an Initiate of Okawaru.
             Slain by Sigmund
             ... wielding a +0 scythe
              (9 damage)
             ... on level 4 of the Dungeon on Dec 21, 2023.
             The game lasted 00:07:57 (2174 turns).

Kazon the Cudgeller (Demonspawn Gladiator)          Turns: 2174, Time: 00:07:58

Health: -2/41      AC:  4    Str: 16    XL:     5   Next: 65%
Magic:  15/15      EV: 13    Int:  9    God:    Okawaru [......]
Gold:   163        SH:  0    Dex: 21    Spells: 4/4 levels left

rFire   . . .        z - +2 great mace (protect)
rCold   . . .        (shield currently unavailable)
rNeg    . . .        b - +0 leather armour
rPois   .            (helmet restricted)
rElec   .            (no cloak)
rCorr   .            (no gloves)
SInv    .            (no boots)
Will    .....        (no amulet)
Stlth   ++           t - ring of magical power
HPRegen 0.26/turn    x - +6 ring of dexterity
MPRegen 0.14/turn

%: no passive effects
@: no status effects
A: antennae 1, rugged brown scales 1, powered by death 1
a: Renounce Religion


You were on level 4 of the Dungeon.
You worshipped Okawaru.
Okawaru was noncommittal.
You visited 2 branches of the dungeon, and saw 5 of its levels.

You collected 163 gold pieces.

Inventory:

Hand Weapons
 a - a +0 flail
 f - a +0 hand axe of flaming
 s - a +2 vampiric dagger
 z - a +2 great mace of protection (weapon)
Missiles
 d - 3 throwing nets
 e - a javelin
 g - 4 stones (quivered)
 j - 3 boomerangs
 u - 5 poisoned darts
Armour
 b - a +0 leather armour (worn)
 c - a +0 tower shield
Jewellery
 t - a ring of magical power (left hand)
 x - a +6 ring of dexterity (right hand)
Wands
 A - a wand of paralysis (8)
Scrolls
 h - a scroll of fog {unknown}
 l - a scroll of teleportation {unknown}
 m - 2 scrolls of identify {unknown}
 n - a scroll of summoning {unknown}
 o - 2 scrolls of magic mapping {unknown}
 p - a scroll of blinking {unknown}
 y - a scroll of torment {unknown}
Potions
 i - a potion of resistance {unknown}
 k - 3 potions of curing {unknown}
 q - a potion of berserk rage {unknown}
 r - a potion of flight {unknown}
 v - a potion of invisibility {unknown}
 w - 2 potions of heal wounds {unknown}


   Skills:
 + Level 2.9 Fighting
 + Level 4.5 Maces & Flails
 + Level 1.9 Throwing
 + Level 1.1 Armour
 + Level 3.4 Dodging
 * Level 1.4 Invocations


You had 4 spell levels left.
You didn't know any spells.
Your spell library contained the following spells:

 Spells                   Type           Power      Damage    Failure   Level
 Frozen Ramparts          Ice            0%         1d1       83%         3
 Ice Form                 Ice/Tmut       0%         N/A       99%         4
 Summon Ice Beast         Ice/Summ       Unusable   N/A       N/A         4

Dungeon Overview and Level Annotations

Branches:
Dungeon (4/15)             Temple (1/1) D:4

Altars:
Dithmenos
Fedhas
Gozag
Hepliaklqana
Okawaru
Qazlal
Trog
Uskayaw
Wu Jian

Annotations:
D:4 Sigmund


Innate Abilities, Weirdness & Mutations

You have a pair of small antennae on your head.
You are partially covered in rugged brown scales. (AC +1, +3% HP)
You regenerate a little health from kills.


Message History

Found a hazy altar of Hepliaklqana.
Found a shadowy altar of Dithmenos.
A - a wand of paralysis (8)
There is a shadowy altar of Dithmenos here.
Items here: ))) [[ ††††.
m - 2 scrolls labelled IBLIAL CESEF (gained 1) Sigmund the Dreaded comes into view.
He is wielding a +0 scythe.
Sigmund shouts!
Sigmund moves out of view.
Sigmund hits you with a +0 scythe.
You sock Sigmund!
Your weapon exudes an aura of protection.
Sigmund is heavily wounded.
Sigmund laughs darkly.
Sigmund points at you and mumbles some strange words.
The puff of flame hits you!
You barely miss Sigmund.
Sigmund is heavily wounded.
Sigmund hits you but does no damage.
You barely miss Sigmund.
Sigmund is heavily wounded.
Sigmund gestures wildly while chanting.
Sigmund flickers and vanishes!
Deactivating autopickup; reactivate with Ctrl-A.
You barely miss something. Something completely misses you.
You closely miss something. Something hits you!
You miss something.
You hear some strange, mumbled words.
A puff of flame appears from out of thin air!
The puff of flame hits you!
* * * LOW HITPOINT WARNING * * *
You hear some strange, mumbled words.
A magic dart appears from out of thin air!
The magic dart hits you.
* * * LOW HITPOINT WARNING * * *
You miss something. Something barely misses you.
You barely miss something. Something hits you.
* * * LOW HITPOINT WARNING * * *
You barely miss something. Something hits you!
You die...

############ ##...........
##########............
###........#..#########.
...........#..# #.
........{..#..# #.
.......@####..#########.
........................
###......###..##.######.
#......###..##.######.
#.....>..............#.
..............##.####.#.
....###..##...##........
#......#...................
#......###..##.#...)##.#.#.


There were no monsters in sight!

Vanquished Creatures
  A black bear (D:4)
  4 adders
  3 worms
  6 orcs
  4 bats
  9 endoplasms
  A giant cockroach (D:1)
  12 goblins
  6 hobgoblins
  11 jackals
  3 kobolds
  5 ball pythons
  3 frilled lizards
  4 rats
72 creatures vanquished.

Notes
Turn   | Place    | Note
-------+----------+-------------------------------------------
     0 | D:1      | Kazon the Demonspawn Gladiator began the quest for the Orb.
     0 | D:1      | Reached XP level 1. HP: 16/16 MP: 1/1
    45 | D:1      | Identified a scroll of acquirement
    45 | D:1      | Acquired a +2 great mace of protection
    77 | D:1      | Gained mutation: You have a pair of small antennae on your
                  | head. [demonic ancestry]
    77 | D:1      | Reached XP level 2. HP: 22/22 MP: 2/2
    80 | D:1      | Reached skill level 3 in Maces & Flails
   548 | D:1      | Gained mutation: You are partially covered in rugged brown
                  | scales. (AC +1, +3% HP) [demonic ancestry]
   548 | D:1      | Reached XP level 3. HP: 22/27 MP: 3/3
  1087 | D:2      | Reached XP level 4. HP: 35/35 MP: 4/4
  1140 | D:2      | Reached skill level 4 in Maces & Flails
  1493 | D:3      | Found a stormy altar of Qazlal.
  1587 | D:3      | Found a blossoming altar of Fedhas.
  1909 | D:3      | Identified the +2 sling "Qeuhanocyt" {speed, rElec Str-3
                  | Dex+2}
  1926 | D:3      | Found a faded altar of an unknown god.
  1974 | D:4      | Found a staircase to the Ecumenical Temple.
  1984 | Temple   | Entered the Ecumenical Temple
  1998 | Temple   | Became a worshipper of Warmaster Okawaru
  2043 | D:4      | Noticed a black bear
  2059 | D:4      | Killed a black bear
  2060 | D:4      | Reached skill level 1 in Armour
  2060 | D:4      | Reached skill level 1 in Invocations
  2060 | D:4      | Gained mutation: You regenerate a little health from kills.
                  | [demonic ancestry]
  2060 | D:4      | Reached XP level 5. HP: 28/41 MP: 6/6
  2074 | D:4      | Found a hazy altar of Hepliaklqana.
  2076 | D:4      | Found a shadowy altar of Dithmenos.
  2076 | D:4      | Noticed a shadow
  2164 | D:4      | Noticed Sigmund
  2174 | D:4      | Slain by Sigmund

Illustrated notes

Levels and vault maps discovered:
D:1:      ebering_trefoil_3fold, layout_basic, st_stairs_14, serial_bayou_ford_a
D:2:      layout_basic, hangedman_decor_growths, minmay_close_crescents
D:3:      layout_rooms, mainiacjoe_overflow_concentric_impassable,
          mainiacjoe_overflow_paths, shapermc_ecumenical_altar_acropolis,
          chequers_serial_rivers_micro_b
D:4:      layout_basic, riverfiend_overflow_shadow_ancestor,
          minmay_temple_entry_glass, uniq_sigmund
Temple:   nicolae_temple_elliptical

Skill      XL: |  1  2  3  4 |
---------------+-------------+-----
Maces & Flails | 3 4 |  4.5
Dodging        | 3 |  3.4
Armour         | 1 |  1.1
Invocations    | 1 |  1.4
Fighting       | |  2.9
Throwing       | |  1.9

Action                     |  1- 3 |  4- 6 || total
---------------------------+-------+-------++-------
  Melee: Flail             |    19 |       ||    19
         Great mace        |    99 |    92 ||   191
  Throw: Stone             |       |    12 ||    12
    Use: Scroll            |     2 |       ||     2
         Potion            |     1 |       ||     1
 Armour: Leather armour    |    47 |    50 ||    97
  Dodge: Dodged            |   101 |    63 ||   164
